 Dungeon Crawl Stone Soup version 0.29-a0-350-g7790a0e70a (webtiles) character file.

Game seed: 6428258944152033376

307 garrulousMonolith the Magician (level 6, -2/45 HPs)
             Began as a Djinni Ice Elementalist on Apr 23, 2022.
             Slain by Blork the orc
             ... wielding a +2 trident of protection
              (6 damage)
             ... on level 4 of the Dungeon.
             The game lasted 00:05:48 (4137 turns).

garrulousMonolith the Magician (DjIE)               Turns: 4137, Time: 00:05:49

Health: -2/45      AC:  3    Str:  7    XL:     6   Next: 68%
Gold:   131        EV: 15    Int: 19    God:
                   SH:  7    Dex: 13

rFire   + + .      SeeInvis .   b - +3 hunting sling
rCold   x . .      Faith    .   w - +0 kite shield
rNeg    . . .      Spirit   .   k - +0 robe
rPois   ∞          Reflect  .   j - +0 helmet
rElec   .          Harm     .   (no cloak)
rCorr   .          Rampage  .   (no gloves)
Will    .....                   (boots unavailable)
Stlth   ++........              d - amulet of the acrobat
HPRegen 0.15/turn               f - +4 ring of evasion
MPRegen 0.00/turn               (no ring)

@: flying
A: sickness immunity, fire resistance 2, cold vulnerability 1, float, innate
caster, HP casting, extra vitality 1
a: no special abilities


You were on level 4 of the Dungeon.
You visited 1 branch of the dungeon, and saw 4 of its levels.

You collected 131 gold pieces.

Inventory:

Hand Weapons
 a - a +0 whip of venom
 b - a +3 hunting sling (weapon)
 r - a +0 lajatang
Missiles
 u - 3 poisoned darts
Armour
 j - a +0 helmet (worn)
 k - a +0 robe (worn)
 p - a +3 ring mail
 w - a +0 kite shield (worn)
Magical Staves
 i - a staff of poison
Jewellery
 d - an amulet of the acrobat (around neck)
 f - a +4 ring of evasion (left hand)
Wands
 m - a wand of charming (3)
Scrolls
 c - a scroll of silence {unknown}
 g - a scroll of noise {unknown}
 l - a scroll of vulnerability
 n - a scroll of enchant armour {unknown}
 v - a scroll of fear {unknown}
Potions
 e - a potion of lignification {unknown}
 h - a potion of brilliance
 o - a potion of resistance {unknown}
 q - a potion of magic {unknown}
 s - a potion of curing
 t - a potion of heal wounds {unknown}


   Skills:
 + Level 2.6 Fighting
 + Level 3.8 Dodging
 - Level 2.0 Stealth
 * Level 1.1 Shields
 * Level 4.6 Spellcasting


You couldn't memorise any spells.
You knew the following spells:

 Your Spells              Type           Power      Damage    Failure   Level
a - Static Discharge      Conj/Air       21%        N/A       10%         2
b - Frozen Ramparts       Ice            42%        1d6       21%         3
c - Ozocubu's Armour      Ice            21%        N/A       21%         3
d - Hailstorm             Conj/Ice       21%        3d6       54%         4
e - Animate Skeleton      Necr           42%        N/A       7%          1
f - Freeze                Ice            84%        1d10      7%          1
Your spell library was empty.

Dungeon Overview and Level Annotations

Branches:
Dungeon (4/15)
 Temple: D:4-7

Altars:

Annotations:
D:4 Blork the orc


Innate Abilities, Weirdness & Mutations

You are immune to sickness and miasma.
You are immune to poison.
Your flesh is very heat resistant. (rF++)
You are vulnerable to cold. (rC-)
You float through the air rather than walking.
You learn spells naturally, not from books.
Your magical power is your life essence.
You have superior vitality. (+4 MHP)


Message History

Confirm with . or Enter, or press ? or * to list all spells.
Blork the orc is struck by an arc of lightning.
Blork the orc is heavily wounded.
You are struck by an arc of lightning.
The lightning grounds out.
Blork the orc hits you with a +2 trident of protection!
* * * LOW HITPOINT WARNING * * *
You block Blork the orc's attack. You block Blork the orc's attack.
You feel better. Blork the orc misses you. Blork the orc completely misses you.
Okay, then.
Casting: Static Discharge (safe; 10% risk of failure)
Confirm with . or Enter, or press ? or * to list all spells.
Aiming: Freeze (safe; 7% risk of failure)
Press: ? - help, Shift-Dir - straight line, f/p - Blork the orc
Aim: Blork the orc, wielding a +2 trident of protection, wearing a +0 robe and carrying a wand of digging (1) (heavily wounded, fast)
You freeze Blork the orc.
Blork the orc is severely wounded.
* * * LOW HITPOINT WARNING * * *
Blork the orc misses you.
Casting: Freeze (safe; 7% risk of failure)
Confirm with . or Enter, or press ? or * to list all spells.
Aiming: Freeze (safe; 7% risk of failure)
Press: ? - help, Shift-Dir - straight line, f/p - Blork the orc
Aim: Blork the orc, wielding a +2 trident of protection, wearing a +0 robe and carrying a wand of digging (1) (severely wounded, fast)
You freeze Blork the orc.
Blork the orc is severely wounded.
* * * LOW HITPOINT WARNING * * *
Blork the orc looks braver for a moment.
Blork the orc hits you with a +2 trident of protection!
* * * LOW HITPOINT WARNING * * *
Casting: Freeze (safe; 7% risk of failure)
Confirm with . or Enter, or press ? or * to list all spells.
Aiming: Freeze (safe; 7% risk of failure)
Press: ? - help, Shift-Dir - straight line, f/p - Blork the orc
Aim: Blork the orc, wielding a +2 trident of protection, wearing a +0 robe and carrying a wand of digging (1) (severely wounded, fast)
You freeze Blork the orc.
Blork the orc is severely wounded.
* * * LOW HITPOINT WARNING * * *
Blork the orc hits you with a +2 trident of protection.
You die...

>##....# ##............#
.##...## #............#
.##...#### ##>.........####+####
..#.......###..........#.......#
..#...................##.......#
.................###..'.........
.......... ......######.........
....#### #.o..# #..........
....# #@.######..(....## ....##
#.<...#Z#'#...#+#. ##...#
#....##.Z.#####... ##..##
##..#.+......#..... #...#
#..####......#..... ##..## ##..#
#.......#..... #...## ##..##
#.......'.)... ##...#####...#
#.......#..... #....##....##
##......#.....


You could see Blork the orc (fast).

Vanquished Creatures
  2 hounds (D:3)
  An iguana (D:2)
  A gnoll (D:3)
  14 adders
  2 worms
  2 dart slugs
  2 orcs
  11 ball pythons
  6 bats
  2 endoplasms
  2 giant cockroaches (D:1)
  6 goblins
  7 hobgoblins
  A quokka (D:3)
  5 frilled lizards
  11 kobolds
  5 rats
80 creatures vanquished.

Vanquished Creatures (collateral kills)
  An adder (D:4)
1 creature vanquished.

Grand Total: 81 creatures vanquished

Notes
Turn   | Place    | Note
-------+----------+-------------------------------------------
     0 | D:1      | garrulousMonolith the Djinni Ice Elementalist began the
                  | quest for the Orb.
     0 | D:1      | Reached XP level 1. HP: 15/15 MP: 0/0
   353 | D:1      | Reached XP level 2. HP: 18/22 MP: 0/0
   732 | D:1      | Found a faded altar of an unknown god.
   951 | D:1      | Reached XP level 3. HP: 26/26 MP: 0/0
   951 | D:1      | Learned a level 1 spell: Animate Skeleton
  1515 | D:2      | Reached skill level 1 in Fighting
  1515 | D:2      | Reached XP level 4. HP: 26/32 MP: 0/0
  2108 | D:2      | Reached skill level 4 in Spellcasting
  2155 | D:2      | Reached XP level 5. HP: 37/38 MP: 0/0
  2155 | D:2      | Learned a level 2 spell: Static Discharge
  3172 | D:3      | Reached XP level 6. HP: 37/43 MP: 0/0
  3491 | D:3      | Reached skill level 1 in Shields
  4122 | D:4      | Noticed Blork the orc
  4137 | D:4      | Slain by Blork the orc

Illustrated notes

Levels and vault maps discovered:
D:1:      amcnicky_arrival_double_pillar, layout_basic,
          shapermc_ecumenical_altar_venn
D:2:      layout_basic, minmay_misc_feat_diagonals, minmay_snake_closets
D:3:      layout_loops_corners, cheibrodos_gnoll_hut
D:4:      nicolae_cairo_tiling_very_big, layout_layer_cave, temple_fountains,
          nicolae_ossuary_entry_monument, minmay_misc_feat_alley,
          uniq_crazy_yiuf_cottage, uniq_blork_the_orc

Skill      XL: |  1  2  3  4  5  6 |
---------------+-------------------+-----
Fighting       | 1 2 |  2.6
Stealth        | 2 |  2.0
Dodging        | 3 |  3.8
Spellcasting   | 4 |  4.6
Shields        | 1 |  1.1

Action                   |  1- 3 |  4- 6 || total
-------------------------+-------+-------++-------
Melee: Quarterstaff      |    12 |       ||    12
       Whip              |       |     9 ||     9
 Fire: Hunting sling     |       |   126 ||   126
 Cast: Freeze            |    29 |    12 ||    41
       Static Discharge  |       |    25 ||    25
       Animate Skeleton  |       |     3 ||     3
  Use: Scroll            |       |     4 ||     4
       Potion            |       |     1 ||     1
Armor: Robe              |     7 |     8 ||    15
Dodge: Dodged            |    30 |    86 ||   116
Block: Kite shield       |       |    12 ||    12

Table legend: (Time is in decaauts)
 A = Elapsed time spent in this place.
 B = Non-inter-level travel time spent in this place.
 C = Inter-level travel time spent in this place.
 D = Time resting spent in this place.
 E = Time spent auto-exploring this place.
 F = Levels seen in this place.
 G = Mean time per level.
                   A        B        C        D        E       F      G
               +--------+--------+--------+--------+--------+-----+--------+
         Total |   4203 |   4089 |    114 |    645 |   2720 |   4 | 1050.8 |
       Dungeon |   4203 |   4089 |    114 |    645 |   2720 |   4 | 1050.8 |
               +--------+--------+--------+--------+--------+-----+--------+

Top non-repeatable levels by time:
     D:1: 1507 daAuts
     D:2: 1280 daAuts
     D:3: 1196 daAuts
     D:4: 219 daAuts
